 Dungeon Crawl Stone Soup version 0.22-a0-587-g7d32d7c7ae (webtiles) character file.

3088 RedPan the Scholar of Death (level 10, 0/70 HPs)
             Began as a Human Necromancer on July 5, 2018.
             Was a Follower of Kikubaaqudgha.
             Slain by a two-headed ogre
             ... wielding a +0 giant spiked club
              (4 damage)
             ... on level 8 of the Dungeon.
             The game lasted 00:34:50 (9753 turns).

RedPan the Scholar of Death (Human Necromancer)     Turns: 9753, Time: 00:34:51

Health: 0/70       AC: 10    Str:  8    XL:     10   Next: 13%
Magic:  7/19       EV: 16    Int: 19    God:    Kikubaaqudgha [*.....]
Gold:   138        SH:  7    Dex: 14    Spells: 10/22 levels left

rFire    + . .     SeeInvis .   i - +2 dagger (venom)
rCold    . . .     Gourm    .   p - +2 buckler {AC+3}
rNeg     . . .     Faith    .   w - +2 robe {rF+}
rPois    .         Spirit   .   z - +1 hat
rElec    .         Reflect  .   b - +0 cloak
rCorr    .         Harm     .   u - +0 pair of gloves
MR       .....                  (no boots)
Stlth    ++........             (no amulet)
HPRegen  0.21/turn              (no ring)
MPRegen  0.16/turn              (no ring)

@: very slightly contaminated, invisible
A: no striking features
a: Receive Corpses, Renounce Religion


You were on level 8 of the Dungeon.
You worshipped Kikubaaqudgha.
Kikubaaqudgha was aware of your devotion.
You were not hungry.

You visited 2 branches of the dungeon, and saw 9 of its levels.

You collected 471 gold pieces.
You spent 333 gold pieces at shops.

Inventory:

Hand Weapons
 i - a +2 dagger of venom (weapon)
 x - a cursed -1 dagger
 y - a +1 scimitar of flaming
Armour
 b - a +0 cloak (worn)
 p - a +2 buckler of protection (worn)
 u - a +0 pair of gloves (worn)
 w - a +2 robe of fire resistance (worn)
 z - a +1 hat (worn)
Wands
 f - a wand of disintegration (15)
Scrolls
 a - a scroll of magic mapping
 e - 3 scrolls of amnesia
 g - a scroll of fear
 j - 4 scrolls of teleportation
 m - a scroll of identify
 s - 2 scrolls of remove curse
Potions
 h - a potion of lignification
 k - a potion of agility
 l - a potion of heal wounds
 n - a potion of curing
 r - a potion of might
 t - a potion of brilliance
 v - a potion of flight
Comestibles
 c - 12 rations
 d - a chunk of flesh


   Skills:
 - Level 3.0 Fighting
 + Level 4.3 Short Blades
 + Level 6.7 Dodging
 - Level 2.0 Stealth
 - Level 4.0 Shields
 + Level 6.5 Spellcasting
 + Level 7.7 Necromancy


You had 10 spell levels left.
You knew the following spells:

 Your Spells              Type           Power        Failure   Level  Hunger
a - Pain                  Necr           ####         1%          1    None
b - Animate Skeleton      Necr           N/A          1%          1    None
c - Vampiric Draining     Necr           #####.....   1%          3    ##.....
d - Animate Dead          Necr           N/A          4%          4    ####...
e - Regeneration          Chrm/Necr      ###.......   6%          3    ##.....

Your spell library contained the following spells:

 Spells                   Type           Power        Failure   Level  Hunger
 Sublimation of Blood     Necr           #####.....   1%          2    None


Dungeon Overview and Level Annotations

Branches:
Dungeon (8/15)             Temple (1/1) D:4
   Lair: D:8-11

Altars:
Ashenzari
Cheibriados
Dithmenos
Elyvilon
Fedhas
Gozag
Hepliaklqana
Kikubaaqudgha
Makhleb
Nemelex Xobeh
Okawaru
Qazlal
Ru
Sif Muna
Trog
Uskayaw
Vehumet
Wu Jian
Xom
Yredelemnul
Zin
The Shining One

Shops:
D:5 [

Annotations:
D:5 1 runed door, Faustar's ghost, novice HaFi
D:7 1 runed door, D1HalberdGnoll's ghost, novice HaAM


Message History

Aiming: Pain (safe; 1% risk of failure)
Press: ? - help, Shift-Dir - straight line, f/p - two-headed ogre
Aim: a two-headed ogre, wielding a giant spiked club and a giant club (heavily wounded, hasn't noticed you, chance to defeat MR: 71%)
The two-headed ogre shouts in stereo!
The two-headed ogre struggles to resist.
Casting: Pain (safe; 1% risk of failure)
Confirm with . or Enter, or press ? or * to list all spells.
You can't see any susceptible monsters within range! (Use Z to cast anyway.)
You are too injured to fight recklessly!
You are too injured to fight recklessly!
An ice beast comes into view.
The two-headed ogre misses you. x2
You barely miss the two-headed ogre.
The two-headed ogre is heavily wounded.
You hit the two-headed ogre.
The two-headed ogre is poisoned.
The two-headed ogre is heavily wounded.
The two-headed ogre closely misses you.
The two-headed ogre hits you with a giant club.
You die...
Kikubaaqudgha rasps: "You have failed me!
Welcome... death!"

....#.##.....# #........###...#
......##.##'######.......## #....
..#######.............#######..(.
... ............................
... ..##.............###...#.....
... #.......#########.<.#..... ..
#...............##...####..
............O....##...####..
...........@.....#..........
..........Y......#.........)
..≈≈≈≈.........+..........
..≈≈≈≈...###'###.......>..
..≈≈≈≈≈..###.# ###+####'##
....≈≈.....#.# #.......#
...........#.# ##......#
...###+.$..#.# #.....##.# ...
+....+.# #..... .#


You could see a two-headed ogre and an ice beast.

Vanquished Creatures
  Erica (D:8)
  Sigmund (D:5)
  A black bear (D:7)
  4 ogres
  An orc warrior (D:6)
  A sky beast (D:6)
  2 centaurs (D:6)
  6 bullfrogs
  A howler monkey (D:4)
  4 crimson imps
  3 bullfrog zombies
  A centaur zombie (D:5)
  2 quasits
  7 orc wizards
  2 centaur skeletons (D:7)
  An orc priest (D:3)
  Crazy Yiuf (D:2)
  A hound (D:4)
  An iguana (D:6)
  Terence (D:3)
  Jessica (D:3)
  3 worker ants
  A killer bee zombie (D:6)
  A hound skeleton (D:8)
  A howler monkey zombie (D:5)
  Robin (D:2)
  7 adders
  2 gnolls (D:4)
  An ooze (D:3)
  2 adder zombies
  An adder skeleton (D:6)
  3 worms
  3 dart slugs (D:1)
  A leopard gecko (D:5)
  28 orcs
  8 bats
  A giant cockroach (D:3)
  10 hobgoblins
  9 jackals
  5 quokkas
  8 frilled lizards
  A giant cockroach zombie (D:6)
  13 goblins
  A jackal zombie (D:6)
  5 kobolds
  A leopard gecko skeleton (D:7)
  A leopard gecko zombie (D:6)
  A quokka zombie (D:6)
  9 rats
171 creatures vanquished.

Vanquished Creatures (collateral kills)
  An ice beast (D:7)
  A phantom (D:7)
  2 crimson imps
  A bullfrog zombie (D:6)
  2 hounds
  An orc wizard (D:6)
  A worker ant (D:6)
  A worker ant zombie (D:5)
  A gnoll (D:4)
  An adder (D:5)
  A shadow imp (D:5)
  An ooze (D:5)
  An orc (D:4)
  A jackal (D:5)
  3 ball pythons
19 creatures vanquished.

Vanquished Creatures (others)
  A withered plant (D:6)
1 creature vanquished.

Grand Total: 191 creatures vanquished

Notes
Turn   | Place    | Note
-------+----------+-------------------------------------------
     0 | D:1      | RedPan the Human Necromancer began the quest for the Orb.
     0 | D:1      | Reached XP level 1. HP: 13/13 MP: 3/3
   442 | D:1      | Reached XP level 2. HP: 19/19 MP: 3/5
   827 | D:1      | Learned a level 1 spell: Animate Skeleton
   895 | D:1      | Reached XP level 3. HP: 24/24 MP: 3/6
  1350 | D:1      | Learned a level 3 spell: Vampiric Draining
  1763 | D:2      | Found a shadowy altar of Dithmenos.
  1804 | D:2      | Reached skill level 5 in Necromancy
  1809 | D:2      | Reached XP level 4. HP: 29/30 MP: 2/7
  2141 | D:2      | Found a runed door.
  2308 | D:2      | Noticed Crazy Yiuf
  2308 | D:2      | Noticed Robin
  2337 | D:2      | Killed Crazy Yiuf
  2343 | D:2      | Killed Robin
  2343 | D:2      | Reached XP level 5. HP: 21/35 MP: 5/9
  2571 | D:2      | Learned a level 4 spell: Animate Dead
  2611 | D:3      | Noticed an ogre
  2619 | D:3      | Killed an ogre
  2619 | D:3      | Reached XP level 6. HP: 9/41 MP: 1/10
  2918 | D:3      | Found a basalt altar of Yredelemnul.
  2944 | D:3      | Found a stormy altar of Qazlal.
  2964 | D:3      | Reached skill level 6 in Necromancy
  3013 | D:3      | Found a hide-covered altar of Uskayaw.
  3342 | D:3      | Noticed Terence
  3378 | D:3      | Killed Terence
  3895 | D:3      | Noticed Jessica
  3903 | D:3      | Killed Jessica
  3903 | D:3      | Reached XP level 7. HP: 45/46 MP: 8/12
  4497 | D:4      | Found an iron altar of Okawaru.
  4613 | D:4      | Found a white marble altar of Elyvilon.
  4619 | D:4      | Reached skill level 1 in Fighting
  4857 | D:4      | Found a staircase to the Ecumenical Temple.
  5076 | D:5      | Entered Level 5 of the Dungeon
  5076 | D:5      | Noticed Sigmund
  5082 | D:5      | Killed Sigmund
  5082 | D:5      | Reached skill level 7 in Necromancy
  5082 | D:5      | Reached XP level 8. HP: 51/55 MP: 6/14
  5298 | D:5      | Noticed Faustar's ghost (novice HaFi)
  5299 | D:5      | Found a runed door.
  5488 | D:5      | Learned a level 3 spell: Regeneration
  5985 | D:5      | Found Ziucijee's Antique Armour Emporium.
  5994 | D:5      | Bought a shiny buckler for 172 gold pieces
  6501 | Temple   | Entered the Ecumenical Temple
  6617 | Temple   | Became a worshipper of Kikubaaqudgha
  6831 | D:6      | Reached skill level 1 in Shields
  6994 | D:6      | Reached skill level 5 in Spellcasting
  7372 | D:6      | Reached skill level 5 in Dodging
  7391 | D:6      | Reached skill level 1 in Short Blades
  7544 | D:6      | Reached XP level 9. HP: 58/63 MP: 8/16
  7657 | D:6      | Reached * piety under Kikubaaqudgha
  7657 | D:6      | Identified Kikubaaqudgha's Reference Book on Stolen Souls (Kikubaaqudgha gifted it to you on level 6 of the Dungeon)
  7657 | D:6      | Received a gift from Kikubaaqudgha
  7838 | D:6      | Found a radiant altar of Vehumet.
  7953 | D:6      | Found the +27 Lear's hauberk
  8570 | D:7      | Noticed D1HalberdGnoll's ghost (novice HaAM)
  8571 | D:7      | Found a runed door.
  9298 | D:8      | Noticed Erica
  9325 | D:8      | Killed Erica
  9325 | D:8      | Reached XP level 10. HP: 64/70 MP: 1/19
  9589 | D:5      | Bought an embroidered hat for 161 gold pieces
  9719 | D:8      | Noticed a two-headed ogre
  9733 | D:8      | HP: 2/70 [two-headed ogre/giant spiked club (9)]
  9753 | D:8      | Slain by a two-headed ogre

Vault maps used:
D:1:      lightli_arrival_statuegarden
D:2:      first_ration, nicolae_dithmenos_through_a_glass_darkly,
          uniq_crazy_yiuf_cottage, uniq_robin
D:3:      gammafunk_temple_overflow_forgotten, uniq_terence, uniq_jessica
D:4:      lemuel_crystal_altar, elyvilon_altar_3,
          minmay_temple_entry_from_below_a
D:5:      serial_shops, nicolae_shop_waterfront, hellmonk_ghost_happy_afterlife,
          grunt_decor_clamped, uniq_sigmund
D:6:      lemuel_round_altar, serial_undead, serial_undead_f, serial_undead_b,
          serial_undead_b, serial_undead_c, serial_undead_f
D:7:      hellmonk_ghost_happy_afterlife
D:8:      serial_shops, nicolae_shop_crystal, grunt_livestock, uniq_erica
Temple:   nicolae_temple_elliptical

Skill      XL: |  1  2  3  4  5  6  7  8  9 |
---------------+----------------------------+-----
Necromancy     | 5 6 7 |  7.7
Spellcasting   | 3 4 5 6 |  6.5
Dodging        | 3 5 6 |  6.7
Fighting       | 1 3 |  3.0
Shields        | 2 4 |  4.0
Short Blades   | 1 4 |  4.3
Stealth        | |  2.0

Action                   |  1- 3 |  4- 6 |  7- 9 | 10-12 || total
-------------------------+-------+-------+-------+-------++-------
Melee: Short sword       |     3 |       |       |       ||     3
       Dagger            |       |    62 |   389 |    38 ||   489
 Cast: Pain              |    62 |    67 |   154 |    17 ||   300
       Animate Skeleton  |     9 |     3 |       |       ||    12
       Animate Dead      |       |     3 |    21 |     1 ||    25
Invok: Receive Corpses   |       |       |     3 |     1 ||     4
  Use: Scroll            |     3 |     1 |    12 |     1 ||    17
       Potion            |       |     2 |       |     1 ||     3
 Stab: Sleeping          |       |     1 |     1 |       ||     2
       Distracted        |       |     1 |       |       ||     1
  Eat: Chunk             |     4 |     7 |    10 |       ||    21
       Ration            |       |       |     3 |     1 ||     4
Armor: Robe              |     2 |     9 |   109 |    14 ||   134
       Skin              |       |    12 |       |       ||    12
Dodge: Dodged            |     5 |    47 |   266 |    23 ||   341
Block: Buckler           |       |       |   110 |     6 ||   116

Table legend:
 A = Spawn XP
 B = Non-spawn XP
 C = Spawn XP percentage of total XP
 D = Spawn monster count
 E = Non-spawn monster count
 F = Spawn count percentage of total count
 G = Total turns spent on level
                    A         B        C        D         E        F      G
               +---------+---------+-------+---------+---------+-------+---------
         Total |       0 |    4412 |   0.0 |       0 |     190 |   0.0 |  9753
               +---------+---------+-------+---------+---------+-------+---------
           D:1 |       0 |      44 |   0.0 |       0 |      26 |   0.0 |  1452
           D:2 |       0 |     116 |   0.0 |       0 |      24 |   0.0 |  1435
           D:3 |       0 |     396 |   0.0 |       0 |      36 |   0.0 |  1347
           D:4 |       0 |     218 |   0.0 |       0 |      13 |   0.0 |   864
           D:5 |       0 |     590 |   0.0 |       0 |      25 |   0.0 |  1502
           D:6 |       0 |    1523 |   0.0 |       0 |      42 |   0.0 |  1670
           D:7 |       0 |     637 |   0.0 |       0 |      16 |   0.0 |   987
           D:8 |       0 |     888 |   0.0 |       0 |       8 |   0.0 |   358
               +---------+---------+-------+---------+---------+-------+---------
